 Dungeon Crawl Stone Soup version 0.31-a0-588-g14bffd4ff3 (webtiles) character file.

Game seed: 7163966887694482593

9220 AdnanSaban the Basher (level 11, -6/69 HPs)
             Began as a Gargoyle Fighter on Aug 19, 2023.
             Was an Elder of Okawaru.
             Mangled by a fire elemental (11 damage)
             ... summoned by a deep elf pyromancer
             ... on level 10 of the Dungeon.
             The game lasted 00:10:12 (9367 turns).

AdnanSaban the Basher (Gargoyle Fighter)            Turns: 9367, Time: 00:10:12

Health: -6/69      AC: 26    Str: 25    XL:     11   Next: 43%
Magic:  0/13       EV:  7    Int:  8    God:    Okawaru [****..]
Gold:   613        SH:  5    Dex:  9    Spells: 10/10 levels left

rFire   . . .        t - +2 morningstar (freeze)
rCold   . . .        c - +0 buckler
rNeg    + . .        G - +0 plate armour rPois āˆž
                     (no helmet)
rElec   +            H - +0 cloak
rCorr   .            i - +0 pair of gloves
SInv    +            s - +0 pair of boots
Will    .....        r - amulet of guardian spirit Stlth
                     g - +4 ring of slaying
HPRegen 0.31/turn    q - ring of see invisible
MPRegen 0.13/turn

%: guardian spirit
@: no status effects
A: sickness immunity, AC +8, negative energy resistance 1, electricity
resistance, torment resistance 1, petrification resistance
a: Renounce Religion, Heroism, Finesse


You were on level 10 of the Dungeon.
You worshipped Okawaru.
Okawaru was greatly pleased with you.
You visited 2 branches of the dungeon, and saw 11 of its levels.

You collected 613 gold pieces.

Inventory:

Hand Weapons
 t - a +2 morningstar of freezing (weapon)
Missiles
 p - 12 poisoned darts (quivered)
 C - 11 boomerangs
 I - 4 atropa-tipped darts
 K - 4 curare-tipped darts
Armour
 c - a +0 buckler (worn)
 i - a +0 pair of gloves (worn)
 s - a +0 pair of boots (worn)
 G - a +0 plate armour (worn)
 H - a +0 cloak (worn)
Jewellery
 g - a +4 ring of slaying (left hand)
 q - a ring of see invisible (right hand)
 r - an amulet of guardian spirit (around neck)
 z - a +5 ring of evasion
 A - a ring of protection from cold
 E - a ring of protection from cold
Scrolls
 a - a scroll of fear {unknown}
 b - 3 scrolls of noise {unknown}
 e - 3 scrolls of revelation {unknown}
 h - a scroll of enchant armour {unknown}
 l - 12 scrolls of identify {unknown}
 n - 3 scrolls of poison {unknown}
 o - 4 scrolls of amnesia {unknown}
 u - 2 scrolls of teleportation {unknown}
 v - a scroll of torment {unknown}
 y - 3 scrolls of fog {unknown}
 D - 2 scrolls of vulnerability {unknown}
Potions
 d - 3 potions of might
 f - 4 potions of curing {unknown}
 j - 4 potions of lignification {unknown}
 k - 3 potions of brilliance {unknown}
 m - a potion of haste {unknown}
 w - 4 potions of enlightenment {unknown}
 x - a potion of berserk rage {unknown}
 B - 4 potions of degeneration {unknown}
 F - 2 potions of heal wounds {unknown}
 J - a potion of cancellation {unknown}


   Skills:
 + Level 8.4 Fighting
 + Level 12.3 Maces & Flails
 + Level 1.8 Throwing
 + Level 9.0 Armour
 + Level 2.4 Dodging
 + Level 1.1 Stealth
 + Level 6.6 Shields
 * Level 3.2 Invocations


You had 10 spell levels left.
You didn't know any spells.
Your spell library contained the following spells:

 Spells                   Type           Power      Damage    Failure   Level
 Apportation              Tloc           0%         N/A       99%         1
 Magic Dart               Conj           0%         1d3       99%         1
 Blink                    Tloc           0%         N/A       100%        2
 Ensorcelled Hibernation  Hex/Ice        0%         N/A       100%        2
 Lesser Beckoning         Tloc           0%         N/A       100%        2
 Momentum Strike          Conj/Tloc      0%         3d8       100%        2
 Passwall                 Tmut/Erth      0%         N/A       100%        2
 Scorch                   Fire           0%         2d5       100%        2
 Searing Ray              Conj           0%         2d4       100%        2
 Static Discharge         Conj/Air       0%         2-2/arc   100%        2
 Swiftness                Air            0%         N/A       100%        3
 Airstrike                Air            0%         2d(0-16)  100%        4
 Flame Wave               Conj/Fire      0%         2d4       100%        4
 Fulminant Prism          Conj/Hex       0%         3d5       100%        4
 Alistair's Intoxication  Tmut/Pois      0%         N/A       100%        5
 Summon Small Mammal      Summ           Unusable   N/A       N/A         1
 Call Canine Familiar     Summ           Unusable   N/A       N/A         3
 Summon Guardian Golem    Hex/Summ       Unusable   N/A       N/A         3
 Summon Lightning Spire   Summ/Air       Unusable   N/A       N/A         4
 Summon Cactus Giant      Summ           Unusable   N/A       N/A         6

Dungeon Overview and Level Annotations

Branches:
Dungeon (10/15)            Temple (1/1) D:7            Lair (0/5) D:9
    Orc (0/2) D:10

Altars:
Ashenzari
Cheibriados
Dithmenos
Elyvilon
Fedhas
Gozag
Hepliaklqana
Kikubaaqudgha
Makhleb
Nemelex Xobeh
Okawaru
Qazlal
Ru
Sif Muna
Trog
Uskayaw
Vehumet
Wu Jian
Xom
Yredelemnul
Zin
The Shining One

Shops:
D:3 *

Annotations:
D:8 1 runed translucent door


Innate Abilities, Weirdness & Mutations

You are immune to sickness and miasma.
Your stone body is resilient. (AC +8)
You are immune to poison.
You resist negative energy. (rN+)
You are resistant to electric shocks. (rElec)
You are resistant to unholy torment.
You are immune to petrification.


Message History

The centaur shoots an arrow.
The arrow hits you but does no damage.
There is an open door here.
You close the door.
You start resting.
A centaur opens the door.
It is wielding a +0 shortbow.
The centaur unwields a +0 shortbow.
The centaur hits you but does no damage.
You block the centaur's attack.
There is a broken door here.
You impale the centaur!! You freeze the centaur.
You kill the centaur!
Okawaru accepts your kill. The fire elemental barely misses you.
You barely miss the fire elemental.
The deep elf pyromancer gestures wildly while chanting.
The deep elf pyromancer blinks!
The fire elemental hits you. The fire elemental burns you!
You puncture the fire elemental! You freeze the fire elemental.
The fire elemental is heavily damaged.
You block the fire elemental's attack.
You impale the fire elemental!! You freeze the fire elemental.
You destroy the fire elemental!
The fire elemental disappears in a puff of smoke!
There is a broken door here.
The deep elf pyromancer casts a spell.
Things that are here:
a +0 shortbow; a centaur corpse The deep elf pyromancer points at you and mumbles some strange words.
The bolt of fire hits you!! The fire elemental hits you.
The fire elemental burns you!
* * * LOW HITPOINT WARNING * * *
You closely miss the deep elf pyromancer.
The fire elemental hits you. The fire elemental burns you!
* * * LOW HITPOINT WARNING * * *
The deep elf pyromancer hits you with a +0 dagger.
* * * LOW HITPOINT WARNING * * *
The fire elemental hits you. The fire elemental closely misses you.
You barely miss the deep elf pyromancer.
The fire elemental hits you. The fire elemental burns you!
You die...

#..........### ###########
#..........'.# #.........#
#..........#.# #.........####
#....(.....#.###.........'..#####
#..........#..##.........##.....#
#..........##..#.........######..
'..........###.'.........# ###
#..........# ###)E.......#
#########'## #@.'####### ####...#
#Ee## #....### #Eā—‹..
##.######## #.ā—‹.... #.........#
#.......# # #.......).# #...:..##
## <##.........# #.....## ###.
..#.........#..#....##ā‰ˆ #...
#..............# ####


You could see a deep elf pyromancer and 3 fire elementals.

Vanquished Creatures
  A two-headed ogre (D:10)
  Joseph (D:9)
  2 trolls
  A hornet (D:9)
  Sigmund (D:5)
  A vampire (D:8)
  A wyvern (D:9)
  2 shadows (D:10)
  7 yaks
  2 steam dragons
  2 vampire mosquitoes (D:9)
  2 sky beasts
  A water moccasin (D:4)
  A hornet zombie (D:7)
  4 black bears
  An ice beast (D:7)
  2 orc warriors
  4 centaurs
  4 ogres
  2 phantoms
  2 kobold brigands (D:9)
  2 necrophages (D:7)
  4 bullfrogs
  A wyvern zombie (D:7)
  A gnoll sergeant (D:9)
  2 scorpions
  A water moccasin zombie (D:7)
  17 wights
  10 killer bees
  An electric eel (D:10)
  A howler monkey (D:8)
  2 bullfrog zombies (D:7)
  3 centaur zombies (D:7)
  A human zombie (D:7)
  4 jellies (D:5)
  10 orc priests
  3 sleepcaps
  5 iguanas
  6 orc wizards
  3 killer bee zombies (D:7)
  2 mummies (D:7)
  4 howler monkey zombies (D:7)
  4 gnolls (D:9)
  7 adders
  A shadow imp (D:7)
  2 white imps
  An ufetubus (D:6)
  3 worms (D:2)
  5 dart slugs
  42 orcs
  13 endoplasms
  5 giant cockroaches
  10 goblins
  8 hobgoblins
  4 jackals (D:1)
  16 kobolds
  3 quokkas
  6 ball pythons
  3 bats (D:1)
  4 rats
264 creatures vanquished.

Notes
Turn   | Place    | Note
-------+----------+-------------------------------------------
     0 | D:1      | AdnanSaban the Gargoyle Fighter began the quest for the
                  | Orb.
     0 | D:1      | Reached XP level 1. HP: 14/14 MP: 1/1
    45 | D:1      | Reached XP level 2. HP: 9/19 MP: 2/2
   167 | D:1      | Reached XP level 3. HP: 20/23 MP: 3/3
   892 | D:2      | Reached XP level 4. HP: 24/29 MP: 4/4
   989 | D:2      | Reached skill level 3 in Maces & Flails
  1515 | D:3      | Found an opulent altar of Gozag.
  1531 | D:3      | Found a blossoming altar of Fedhas.
  1618 | D:3      | Reached XP level 5. HP: 23/33 MP: 5/5
  1686 | D:3      | Reached skill level 4 in Maces & Flails
  1699 | D:3      | Reached skill level 1 in Dodging
  1847 | D:3      | Found a glowing silver altar of Zin.
  2127 | D:3      | Found the +8 Vampire's Tooth {megavamp}
  2277 | D:3      | Found Ekkiulei's Assorted Antiques.
  2407 | D:4      | Found a hide-covered altar of Uskayaw.
  2464 | D:4      | Reached XP level 6. HP: 38/38 MP: 6/6
  2784 | D:4      | Noticed a water moccasin
  2794 | D:4      | Killed a water moccasin
  2795 | D:4      | Reached skill level 5 in Maces & Flails
  2795 | D:4      | Reached XP level 7. HP: 37/44 MP: 7/7
  2868 | D:5      | Entered Level 5 of the Dungeon
  3153 | D:5      | Noticed Sigmund
  3160 | D:5      | Killed Sigmund
  3161 | D:5      | Reached skill level 5 in Fighting
  3161 | D:5      | Reached skill level 6 in Maces & Flails
  3192 | D:5      | Reached skill level 5 in Armour
  3452 | D:5      | Reached XP level 8. HP: 47/49 MP: 8/8
  3520 | D:5      | Reached skill level 1 in Stealth
  3523 | D:5      | Reached skill level 1 in Throwing
  3938 | D:6      | Reached skill level 7 in Maces & Flails
  4244 | D:6      | Reached XP level 9. HP: 35/55 MP: 7/9
  4413 | D:6      | Reached skill level 5 in Shields
  4801 | D:6      | Reached skill level 8 in Maces & Flails
  5498 | D:7      | Found a bloodstained altar of Trog.
  5586 | D:7      | Found a staircase to the Ecumenical Temple.
  5598 | Temple   | Entered the Ecumenical Temple
  5607 | Temple   | Became a worshipper of Warmaster Okawaru
  5704 | D:7      | Found a sparkling altar of Nemelex Xobeh.
  5775 | D:7      | Reached skill level 9 in Maces & Flails
  5849 | D:7      | Reached * piety under Okawaru
  5867 | D:7      | Reached XP level 10. HP: 60/61 MP: 8/10
  5918 | D:7      | Found a stormy altar of Qazlal.
  6036 | D:7      | Found a basalt altar of Yredelemnul.
  6075 | D:7      | Reached skill level 10 in Maces & Flails
  6657 | D:8      | Reached ** piety under Okawaru
  6825 | D:8      | Found an ancient bone altar of Kikubaaqudgha.
  6841 | D:8      | Identified the +5 dagger "Coitymef" {elec, rN+ rCorr MP-9}
  6942 | D:8      | Found a runed translucent door.
  7507 | D:8      | Reached skill level 11 in Maces & Flails
  7723 | D:9      | Reached *** piety under Okawaru
  7781 | D:9      | Found a staircase to the Lair.
  7782 | D:9      | Noticed Joseph
  7808 | D:8      | Reached skill level 1 in Invocations
  7859 | D:8      | Reached XP level 11. HP: 55/68 MP: 9/12
  7898 | D:9      | Killed Joseph
  8280 | D:9      | Reached **** piety under Okawaru
  8476 | D:9      | Found an ornate altar of the Wu Jian Council.
  8534 | D:9      | Reached skill level 12 in Maces & Flails
  8564 | D:9      | Found a burning altar of Makhleb.
  8576 | D:9      | Found a glowing golden altar of the Shining One.
  8723 | D:9      | Found an iron altar of Okawaru.
  8831 | D:10     | Entered Level 10 of the Dungeon
  9169 | D:10     | Found a staircase to the Orcish Mines.
  9268 | D:10     | Noticed a two-headed ogre
  9277 | D:10     | Killed a two-headed ogre
  9349 | D:10     | Noticed a deep elf pyromancer
  9367 | D:10     | Mangled by a fire elemental

Illustrated notes

Levels and vault maps discovered:
D:1:      minmay_arrival_open_corners, layout_basic, minmay_hexomino_c4
D:2:      layout_basic
D:3:      layout_basic, overflow_temple_1_default, mainiacjoe_overflow_24_doors,
          zin_statuary, serial_shops, shop
D:4:      layout_rooms, eat_drink_and_be_merry_uskayaw
D:5:      layout_loops_cross, hangedman_decor_diamond_cutter,
          mrwooster_statue_mirror, kennysheep_generic_room_15, uniq_sigmund
D:6:      layout_gridville, kennysheep_generic_room_7
D:7:      layout_gridville, trog_ov_bears_minmay, nemelex_dance_club_becter,
          lemuel_mausoleum_altar_yredelemnul, mainiacjoe_overflow_tiny_flanked,
          minmay_temple_entry_tees, enter_bailey_3, serial_undead,
          serial_undead_f, serial_undead_f, serial_undead_d, serial_undead_c,
          serial_undead_a, serial_undead_d, serial_undead_b, serial_undead_b,
          serial_undead_e, serial_undead_c, grunt_ministairs_6,
          kennysheep_windowed_goal
D:8:      layout_gridville, nicolae_kikubaaqudgha_miasma_corner,
          lightli_church_of_beogh
D:9:      layout_loops_ring, mainiacjoe_overflow_alcove_1,
          mainiacjoe_overflow_big_doors, david_lair_generic,
          nicolae_eternal_life, david_defended_altar_orc, uniq_joseph
D:10:     layout_roguey, orc_0_dummy, kennysheep_opposing_triangles
Temple:   nicolae_temple_two_arcs

Skill      XL: |  1  2  3  4  5  6  7  8  9 10 11 |
---------------+----------------------------------+-----
Maces & Flails | 3 4 5 6 7 9 11 12 | 12.3
Fighting       | 4 5 6 8 |  8.4
Dodging        | 1 2 |  2.4
Armour         | 4 5 6 7 8 9 |  9.0
Shields        | 4 5 6 |  6.6
Stealth        | 1 |  1.1
Throwing       | 1 |  1.8
Invocations    | 1 3 |  3.2

Action                     |  1- 3 |  4- 6 |  7- 9 | 10-12 || total
---------------------------+-------+-------+-------+-------++-------
  Melee: Flail             |   128 |   110 |   304 |   147 ||   689
         Morningstar       |       |       |       |   173 ||   173
  Throw: Dart              |       |       |    11 |     3 ||    14
 Armour: Scale mail        |    99 |    52 |    53 |       ||   204
         Plate armour      |       |       |   154 |   252 ||   406
  Dodge: Dodged            |    78 |    43 |   120 |   122 ||   363
  Block: Buckler           |    41 |    19 |    65 |    83 ||   208

Table legend: (Time is in decaauts)
 A = Elapsed time spent in this place.
 B = Non-inter-level travel time spent in this place.
 C = Inter-level travel time spent in this place.
 D = Time resting spent in this place.
 E = Time spent auto-exploring this place.
 F = Levels seen in this place.
 G = Mean time per level.
                   A        B        C        D        E       F      G
               +--------+--------+--------+--------+--------+-----+--------+
         Total |   9431 |   8932 |    499 |    316 |   6848 |  11 |  857.4 |
       Dungeon |   9410 |   8919 |    491 |    316 |   6848 |  10 |  941.0 |
        Temple |     21 |     13 |      8 |      0 |      0 |   1 |   21.0 |
               +--------+--------+--------+--------+--------+-----+--------+

Top non-repeatable levels by time:
     D:7: 1436 daAuts
     D:6: 1240 daAuts
     D:8: 1124 daAuts
     D:9: 1121 daAuts
     D:5: 1024 daAuts
     D:2: 948 daAuts
     D:3: 917 daAuts
     D:1: 595 daAuts
    D:10: 533 daAuts
     D:4: 468 daAuts
  Temple: 21 daAuts
